SA
CHICAGO TULA @ WASHINGTON GENERALS
09/03/2037
 
TOP OF THE 1ST
Chicago Tula batting - Pitching for Washington Generals : RHP Manuel Ruíz
Pitching: RHP Manuel Ruíz
Batting: RHB Marvin Clark 0-0: Reaches on Catchers interference
Batting: RHB Xiao-yong Huang 0-0: Ball
1-0: Ball
Wild Pitch!
Marvin Clark to second
Balk!
Marvin Clark to third
2-0: SINGLE (Groundball, 3D, EV 96.2 MPH)
Marvin Clark scores
Batting: LHB Steve Whitehead 0-0: Called Strike
0-1: Ball
1-1: Ball
2-1: Swinging Strike
2-2: Foul Ball, location: 2F
2-2: Ball
3-2: Foul Ball, location: 2F
3-2: Fly out, F8 (Flyball, 8LM, EV 88.1 MPH)
Batting: LHB Jarred Williamson 0-0: Called Strike
Xiao-yong Huang is caught stealing 2nd base 2-6
0-1: Foul Ball, location: 2F
0-2: Strikes out swinging
Top of the 1st over - 1 run, 1 hit, 1 error, 0 left on base; Chicago 1 - Washington 0
BOTTOM OF THE 1ST
Washington Generals batting - Pitching for Chicago Tula : RHP Yan van der Meijden
Pitching: RHP Yan van der Meijden
Batting: RHB Bartolo Álvarez 0-0: Ball
1-0: Called Strike
1-1: Ball
2-1: Foul Ball, location: 2F
2-2: Fly out, F2 (Popup, 25F, EV 86.2 MPH)
Batting: RHB Francisco Alhama 0-0: Called Strike
0-1: Foul Ball, location: 2F
0-2: Foul Ball, location: 2F
0-2: Ground out 6-3 (Groundball, 6, EV 101.9 MPH)
Batting: LHB Bill Butler 0-0: Ball
1-0: Swinging Strike
1-1: Foul Ball, location: 2F
1-2: Ball
2-2: Ball
3-2: Foul Ball, location: 2F
3-2: Fly out, F3 (Flyball, 3D, EV 87.5 MPH)
Bottom of the 1st over - 0 runs, 0 hits, 0 errors, 0 left on base; Chicago 1 - Washington 0
TOP OF THE 2ND
Chicago Tula batting - Pitching for Washington Generals : RHP Manuel Ruíz
Batting: RHB Omar Krutsinger 0-0: Fly out, F9 (Flyball, 89XD, EV 83.8 MPH)
Batting: LHB Gustavo Zamora 0-0: Ball
1-0: Ball
2-0: Foul Ball, location: 2F
2-1: Ball
3-1: Foul Ball, location: 2F
3-2: Foul Ball, location: 2F
3-2: Foul Ball, location: 2F
3-2: Strikes out swinging
Batting: RHB Eddie Hickford 0-0: Ball
1-0: Ball
2-0: Called Strike
2-1: Foul Ball, location: 2F
2-2: Strikes out swinging
Top of the 2nd over - 0 runs, 0 hits, 0 errors, 0 left on base; Chicago 1 - Washington 0
BOTTOM OF THE 2ND
Washington Generals batting - Pitching for Chicago Tula : RHP Yan van der Meijden
Batting: LHB Stanley Zijm 0-0: Called Strike
0-1: Swinging Strike
0-2: Ball
1-2: Ball
2-2: Foul Ball, location: 2F
2-2: Strikes out swinging
Batting: RHB Nick Harper 0-0: Called Strike
0-1: Called Strike
0-2: Strikes out swinging
Batting: SHB Mark Boyle 0-0: Ball
1-0: Called Strike
1-1: Ball
2-1: Swinging Strike
2-2: Foul Ball, location: 2F
2-2: Strikes out swinging
Bottom of the 2nd over - 0 runs, 0 hits, 0 errors, 0 left on base; Chicago 1 - Washington 0
TOP OF THE 3RD
Chicago Tula batting - Pitching for Washington Generals : RHP Manuel Ruíz
Batting: LHB William Anderson 0-0: Called Strike
0-1: Ground out 1-3 (Groundball, P, EV 82.5 MPH)
Batting: RHB Jaypee Layug 0-0: Called Strike
0-1: Ball
1-1: Called Strike
1-2: Fly out, F3 (Popup, 3S, EV 80.6 MPH)
Batting: RHB Marvin Clark 0-0: Ball
1-0: Ball
2-0: Called Strike
2-1: Ball
3-1: Foul Ball, location: 2F
3-2: Foul Ball, location: 2F
3-2: Foul Ball, location: 2F
3-2: Base on Balls
Batting: RHB Xiao-yong Huang 0-0: Ball
1-0: Called Strike
1-1: Swinging Strike
1-2: Strikes out swinging
Top of the 3rd over - 0 runs, 0 hits, 0 errors, 1 left on base; Chicago 1 - Washington 0
BOTTOM OF THE 3RD
Washington Generals batting - Pitching for Chicago Tula : RHP Yan van der Meijden
Batting: LHB Ezequiel Viana 0-0: Ball
1-0: Foul Ball, location: 2F
1-1: Foul Ball, location: 2F
1-2: Fly out, F8 (Flyball, 8LXD, EV 108.8 MPH)
Batting: RHB Hiroshige Ohashi 0-0: Called Strike
0-1: Fly out, F1 (Line Drive, P, EV 68.1 MPH)
Batting: RHB Zong-ming Tsui 0-0: Ball
1-0: Ball
2-0: Called Strike
2-1: Ball
3-1: Foul Ball, location: 2F
3-2: Strikes out swinging
Bottom of the 3rd over - 0 runs, 0 hits, 0 errors, 0 left on base; Chicago 1 - Washington 0
TOP OF THE 4TH
Chicago Tula batting - Pitching for Washington Generals : RHP Manuel Ruíz
Batting: LHB Steve Whitehead 0-0: Called Strike
0-1: Ground out 4-3 (Groundball, 4, EV 81.2 MPH)
Batting: LHB Jarred Williamson 0-0: Called Strike
0-1: Foul Ball, location: 2F
0-2: Ball
1-2: Ball
2-2: SOLO HOME RUN (Flyball, 89XD, EV 98.1 MPH), Distance : 440 ft
Batting: RHB Omar Krutsinger 0-0: Foul Ball, location: 2F
0-1: Called Strike
0-2: Ball
1-2: Ball
2-2: TRIPLE (Flyball, 89XD, EV 98.8 MPH)
Batting: LHB Gustavo Zamora 0-0: Ball
1-0: Swinging Strike
1-1: Swinging Strike
1-2: Strikes out swinging
Batting: RHB Eddie Hickford 0-0: Ball
1-0: Called Strike
1-1: Called Strike
1-2: Foul Ball, location: 2F
1-2: SINGLE (Groundball, 56D, EV 102.5 MPH)
Omar Krutsinger scores
Batting: LHB William Anderson 0-0: Foul Ball, location: 2F
0-1: Ball
1-1: Ball
2-1: Ball
3-1: Base on Balls
Eddie Hickford to second
Batting: RHB Jaypee Layug 0-0: Ball
Passed Ball!
Eddie Hickford to third
William Anderson to second
1-0: SINGLE (Groundball, 5L, EV 95.0 MPH)
Eddie Hickford scores
William Anderson to third
Runner from 3rd tries for Home, SAFE, no throw by LF
Pitching: LHP Klaus de Lijser
Batting: RHB Marvin Clark 0-0: Ball
1-0: Called Strike
1-1: Called Strike
1-2: 2-RUN HOME RUN (Flyball, 7D, EV 93.1 MPH), Distance : 395 ft
Batting: RHB Xiao-yong Huang 0-0: Ball
1-0: Swinging Strike
1-1: Ball
2-1: Ball
3-1: Fly out, F9 (Flyball, 89S, EV 94.4 MPH)
Top of the 4th over - 6 runs, 5 hits, 0 errors, 0 left on base; Chicago 7 - Washington 0
BOTTOM OF THE 4TH
Washington Generals batting - Pitching for Chicago Tula : RHP Yan van der Meijden
Batting: RHB Bartolo Álvarez 0-0: SINGLE (Groundball, 4M, EV 102.5 MPH) (infield hit)
Batting: RHB Francisco Alhama 0-0: Ball
1-0: Ball
2-0: Called Strike
2-1: SINGLE (Line Drive, 7S, EV 92.5 MPH)
Bartolo Álvarez to second
Batting: LHB Bill Butler 0-0: Ball
1-0: Fielders Choice at 2nd, 3-6 (Groundball, 34, EV 98.8 MPH)
Bartolo Álvarez to third
Batting: LHB Stanley Zijm 0-0: Ball
1-0: Ball
2-0: Fly out, F4 (Flyball, 3D, EV 90.0 MPH)
Batting: RHB Nick Harper 0-0: Ball
1-0: Foul Ball, location: 2F
1-1: Fly out, F8 (Flyball, 8LD, EV 90.0 MPH)
Bottom of the 4th over - 0 runs, 2 hits, 0 errors, 2 left on base; Chicago 7 - Washington 0
TOP OF THE 5TH
Chicago Tula batting - Pitching for Washington Generals : LHP Klaus de Lijser
Batting: LHB Steve Whitehead 0-0: SOLO HOME RUN (Flyball, 9LD, EV 96.2 MPH), Distance : 363 ft
Batting: LHB Jarred Williamson 0-0: Ball
1-0: Ball
2-0: Ball
3-0: Called Strike
3-1: Foul Ball, location: 2F
3-2: Strikes out looking
Batting: RHB Omar Krutsinger 0-0: Ball
1-0: SINGLE (Line Drive, 8RS, EV 105.0 MPH)
Batting: LHB Gustavo Zamora 0-0: Foul Ball, location: 2F
0-1: Ball
1-1: Ball
2-1: Ball
3-1: Swinging Strike
3-2: Base on Balls
Omar Krutsinger to second
Batting: RHB Eddie Hickford 0-0: Swinging Strike
0-1: Swinging Strike
0-2: Strikes out swinging
Batting: LHB William Anderson 0-0: Called Strike
0-1: Ball
1-1: Swinging Strike
1-2: Strikes out swinging
Top of the 5th over - 1 run, 2 hits, 0 errors, 2 left on base; Chicago 8 - Washington 0
BOTTOM OF THE 5TH
Washington Generals batting - Pitching for Chicago Tula : RHP Yan van der Meijden
Batting: SHB Mark Boyle 0-0: Called Strike
0-1: Ball
1-1: Called Strike
1-2: Fly out, F3 (Line Drive, 3, EV 62.5 MPH)
Batting: LHB Ezequiel Viana 0-0: Foul Ball, location: 2F
0-1: Ball
1-1: Fly out, F2 (Popup, 2RF, EV 98.8 MPH)
Batting: RHB Hiroshige Ohashi 0-0: Foul Ball, location: 2F
0-1: Ground out 6-3 (Groundball, 6, EV 106.2 MPH)
Bottom of the 5th over - 0 runs, 0 hits, 0 errors, 0 left on base; Chicago 8 - Washington 0
TOP OF THE 6TH
Chicago Tula batting - Pitching for Washington Generals : LHP Klaus de Lijser
Batting: RHB Jaypee Layug 0-0: Ball
1-0: Ball
2-0: Foul Ball, location: 2F
2-1: Called Strike
2-2: Ball
3-2: SINGLE (Line Drive, 34, EV 93.8 MPH)
Batting: RHB Marvin Clark 0-0: Foul Ball, location: 2F
0-1: Ball
1-1: Swinging Strike
1-2: Ball
2-2: SINGLE (Groundball, 6MD, EV 104.4 MPH)
Jaypee Layug to second
Batting: RHB Xiao-yong Huang 0-0: Swinging Strike
0-1: Ball
1-1: Swinging Strike
1-2: Strikes out swinging
Batting: LHB Steve Whitehead 0-0: Ball
1-0: Ball
2-0: Ball
3-0: Called Strike
3-1: DOUBLE (Line Drive, 8RXD, EV 97.5 MPH)
Jaypee Layug scores
Marvin Clark to third
Runner from 3rd tries for Home, SAFE, throw by CF to trailing runner, SAFE at third!
Batting: LHB Jarred Williamson 0-0: Ball
1-0: Ball
2-0: Foul Ball, location: 2F
2-1: Ball
3-1: Called Strike
3-2: Foul Ball, location: 2F
3-2: Strikes out swinging
Batting: RHB Omar Krutsinger 0-0: Ball
1-0: Called Strike
1-1: Called Strike
1-2: Ball
2-2: Strikes out looking
Top of the 6th over - 2 runs, 3 hits, 0 errors, 1 left on base; Chicago 10 - Washington 0
BOTTOM OF THE 6TH
Washington Generals batting - Pitching for Chicago Tula : RHP Yan van der Meijden
Batting: RHB Zong-ming Tsui 0-0: Ball
1-0: Swinging Strike
1-1: Swinging Strike
1-2: Ball
2-2: SINGLE (Groundball, 4M, EV 83.8 MPH) (infield hit)
Batting: RHB Bartolo Álvarez 0-0: Foul Ball, location: 2F
0-1: Fly out, F9 (Line Drive, 9S, EV 101.9 MPH)
Batting: RHB Francisco Alhama 0-0: Called Strike
0-1: Ball
1-1: Foul Ball, location: 2F
1-2: Ball
2-2: Ball
3-2: Strikes out looking
Batting: LHB Bill Butler 0-0: Ball
1-0: Foul Ball, location: 2F
1-1: Ball
2-1: Ball
3-1: Ground out U3 (Groundball, 3, EV 81.9 MPH)
Bottom of the 6th over - 0 runs, 1 hit, 0 errors, 1 left on base; Chicago 10 - Washington 0
TOP OF THE 7TH
Chicago Tula batting - Pitching for Washington Generals : LHP Klaus de Lijser
Batting: LHB Gustavo Zamora 0-0: Ball
1-0: Ball
2-0: Called Strike
2-1: Called Strike
2-2: Strikes out looking
Pitching: RHP Pascal Durand
Batting: RHB Eddie Hickford 0-0: Swinging Strike
0-1: Ball
1-1: Ball
2-1: Foul Ball, location: 2F
2-2: Ball
3-2: Foul Ball, location: 2F
3-2: Strikes out swinging passed ball, reaches first!
Batting: LHB William Anderson 0-0: Called Strike
0-1: Foul Ball, location: 2F
0-2: Foul Ball, location: 2F
0-2: Ball
1-2: Strikes out swinging
Batting: RHB Jaypee Layug 0-0: Called Strike
0-1: Swinging Strike
0-2: Foul Ball, location: 2F
0-2: Strikes out swinging
Top of the 7th over - 0 runs, 0 hits, 0 errors, 1 left on base; Chicago 10 - Washington 0
BOTTOM OF THE 7TH
Washington Generals batting - Pitching for Chicago Tula : RHP Yan van der Meijden
Pinch Hitting: RHB Michael Ruscoe 0-0: Ball
1-0: SINGLE (Groundball, 6M, EV 84.4 MPH) (infield hit)
Pinch Hitting: RHB Diederick de Nooyer 0-0: Fly out, F3 (Popup, 3S, EV 65.6 MPH)
Pinch Hitting: RHB Aaron Bickford 0-0: Fielders Choice at 2nd, 5-4 (Groundball, 56S, EV 86.2 MPH)
Batting: LHB Ezequiel Viana 0-0: Ball
1-0: SINGLE (Line Drive, 8LS, EV 107.5 MPH)
Aaron Bickford to second
Batting: RHB Hiroshige Ohashi 0-0: Ball
1-0: Ball
2-0: Called Strike
2-1: Ball
3-1: Called Strike
3-2: Strikes out swinging
Bottom of the 7th over - 0 runs, 2 hits, 0 errors, 2 left on base; Chicago 10 - Washington 0
TOP OF THE 8TH
Chicago Tula batting - Pitching for Washington Generals : RHP Pascal Durand
Now at 1B: Curt Cote
Now at 2B: Michael Ruscoe
Now in LF: Aaron Bickford
Batting: RHB Marvin Clark 0-0: Called Strike
0-1: Ball
1-1: Ball
2-1: Swinging Strike
2-2: Fly out, F4 (Popup, 4M, EV 78.8 MPH)
Pinch Hitting: RHB Mario Ramírez 0-0: Ball
1-0: Ball
2-0: Ball
3-0: Called Strike
3-1: Base on Balls
Batting: LHB Steve Whitehead 0-0: Fly out, F5 (Popup, 5F, EV 77.5 MPH)
Batting: LHB Jarred Williamson 0-0: Ball
1-0: Foul Ball, location: 2F
1-1: Foul Ball, location: 2F
1-2: Foul Ball, location: 2F
1-2: Ball
2-2: Strikes out swinging
Top of the 8th over - 0 runs, 0 hits, 0 errors, 1 left on base; Chicago 10 - Washington 0
BOTTOM OF THE 8TH
Washington Generals batting - Pitching for Chicago Tula : RHP Yan van der Meijden
Now at 2B: Mario Ramírez
Batting: RHB Zong-ming Tsui 0-0: Ball
1-0: Ball
2-0: Foul Ball, location: 2F
2-1: Foul Ball, location: 2F
2-2: Ball
3-2: Fly out, F7 (Flyball, 7S, EV 88.8 MPH)
Pitching: RHP Manuel Nieves
Batting: RHB Bartolo Álvarez 0-0: Called Strike
0-1: Called Strike
0-2: Ball
1-2: Fly out, F7 (Flyball, 78S, EV 89.4 MPH)
Batting: RHB Francisco Alhama 0-0: Ball
1-0: Foul Ball, location: 2F
1-1: Ball
2-1: Ball
3-1: Ground out 6-3 (Groundball, 6, EV 91.2 MPH)
Bottom of the 8th over - 0 runs, 0 hits, 0 errors, 0 left on base; Chicago 10 - Washington 0
TOP OF THE 9TH
Chicago Tula batting - Pitching for Washington Generals : RHP Pascal Durand
Batting: RHB Omar Krutsinger 0-0: SINGLE (Groundball, 5D, EV 104.4 MPH)
Pitching: RHP Miguel Romero
Batting: LHB Gustavo Zamora 0-0: Called Strike
0-1: Foul Ball, location: 2F
0-2: Fielders Choice at 2nd, 3-6 (Groundball, 3, EV 101.2 MPH)
Batting: RHB Eddie Hickford 0-0: Swinging Strike
0-1: SINGLE (Flyball, 78M, EV 96.9 MPH)
Gustavo Zamora to second
Batting: LHB William Anderson 0-0: Foul Ball, location: 2F
0-1: Swinging Strike
0-2: Strikes out swinging
Batting: RHB Jaypee Layug 0-0: Called Strike
0-1: Swinging Strike
0-2: Ball
Wild Pitch!
Gustavo Zamora to third
Eddie Hickford to second
1-2: Strikes out swinging
Top of the 9th over - 0 runs, 2 hits, 0 errors, 2 left on base; Chicago 10 - Washington 0
BOTTOM OF THE 9TH
Washington Generals batting - Pitching for Chicago Tula : RHP Manuel Nieves
Batting: LHB Bill Butler 0-0: Called Strike
0-1: Swinging Strike
0-2: Ball
1-2: Ball
2-2: Strikes out swinging
Batting: RHB Michael Ruscoe 0-0: Ball
1-0: Ball
2-0: Called Strike
2-1: Ball
3-1: Called Strike
3-2: Strikes out swinging
Batting: RHB Curt Cote 0-0: Ball
1-0: Foul Ball, location: 2F
1-1: Ball
2-1: Ball
3-1: Foul Ball, location: 2F
3-2: Base on Balls
Batting: RHB Aaron Bickford 0-0: Foul Ball, location: 2F
0-1: Ball
1-1: Ball
2-1: Ball
3-1: Called Strike
3-2: Ground out 1-3 (Groundball, 34S, EV 81.9 MPH)
Bottom of the 9th over - 0 runs, 0 hits, 0 errors, 1 left on base; Chicago 10 - Washington 0
Thursday, January 23rd, 2020 - OOTP Baseball 20.8 Build 74